 Dungeon Crawl Stone Soup version 0.31-a0-960-g0fca184906 (webtiles) character file.

Game seed: 2862321296444308818

4792 tilp the Covert (level 10, 0/76 HPs)
             Began as a Vampire Enchanter on Oct 23, 2023.
             Was a Priest of Wu Jian.
             Slain by a two-headed ogre
             ... wielding a +0 giant club
              (8 damage)
             ... on level 9 of the Dungeon.
             The game lasted 00:17:29 (10192 turns).

tilp the Covert (Vampire Enchanter)                Turns: 10192, Time: 00:17:29

Health: 0/76       AC:  7    Str:  7    XL:     10   Next: 24%
Magic:  6/17       EV: 13    Int: 23    God:    Wu Jian [***...]
Gold:   39         SH:  0    Dex: 14    Spells: 6/19 levels left

rFire   . . .        a - +4 dagger (freeze)
rCold   . . .        (no shield)
rNeg    . . .        t - +0 steam dragon scales
rPois   .            m - +0 helmet
rElec   .            (no cloak)
rCorr   .            y - +0 pair of gloves
SInv    +            (no boots)
Will    +....        z - amulet of magic regeneration
Stlth   ++++         A - ring of flight
HPRegen 0.52/turn    (no ring)
MPRegen 0.55/turn

%: no passive effects
@: flying, healing quickly, studying Axes
A: alive, fangs 3, see invisible, vampiric 2
a: Exsanguinate, Renounce Religion, Wall Jump, Serpent's Lash


You were on level 9 of the Dungeon.
You worshipped Wu Jian.
Wu Jian was most pleased with you.
You visited 2 branches of the dungeon, and saw 10 of its levels.
You also visited: Ossuary.

You collected 445 gold pieces.
You spent 406 gold pieces at shops.

Inventory:

Hand Weapons
 a - a +4 dagger of freezing (weapon)
 v - a +2 dagger of venom
 K - a +2 scimitar
 M - the +11 plutonium sword {Contam Stlth-}
   (You found it on level 8 of the Dungeon)

   Contam:    It causes magical contamination when unequipped.
   Stlth-:    It makes you less stealthy.
Missiles
 r - 11 boomerangs (quivered)
 x - 3 throwing nets
 G - 6 atropa-tipped darts
 J - 13 poisoned darts
Armour
 b - a +0 kite shield
 m - a +0 helmet (worn)
 t - +0 steam dragon scales (worn)
 y - a +0 pair of gloves (worn)
 H - a +0 scale mail of cold resistance
Jewellery
 e - an amulet of the acrobat
 i - an amulet of faith
 l - the amulet of Dishonesty {Faith Harm +Blink rC-}
   (You found it on level 2 of the Dungeon)

   [amulet of faith]

   Faith:     It allows you to gain divine favour quickly.
   rC-:       It makes you vulnerable to cold.
   +Blink:    It lets you blink.
   Harm:      It increases damage dealt and taken.
 z - an amulet of magic regeneration (around neck)
 A - a ring of flight (left hand)
Wands
 p - a wand of polymorph (9)
 s - a wand of mindburst (12)
 E - a wand of flame (7)
 L - a wand of charming (9)
Scrolls
 n - 2 scrolls of poison
 q - a scroll of immolation
 w - a scroll of blinking
Potions
 c - 2 potions of invisibility
 d - a potion of magic
 f - 4 potions of curing
 g - 3 potions of mutation
 h - a potion of cancellation
 j - 2 potions of ambrosia
 k - a potion of heal wounds
 o - 2 potions of resistance
 u - 2 potions of lignification
 B - 4 potions of attraction
 C - 3 potions of brilliance
 D - a potion of berserk rage
 F - 2 potions of haste
 I - a potion of enlightenment


   Skills:
 * Level 6.0 Fighting
 - Level 10.0 Short Blades
 + Level 4.0 Dodging
 + Level 10.0 Stealth
 + Level 5.0 Spellcasting
 + Level 0.0 Conjurations
 * Level 8.0 Hexes
 + Level 2.0 Ice Magic
 + Level 2.0 Evocations


You had 6 spell levels left.
You knew the following spells:

 Your Spells              Type           Power      Damage    Failure   Level
a - Ensorcelled Hibernat  Hex/Ice        56%        N/A       1%          2
b - Confusing Touch       Hex            42%        N/A       1%          3
c - Tukima's Dance        Hex            42%        N/A       1%          3
d - Dazzling Flash        Conj/Hex       48%        N/A       5%          3
e - Jinxbite              Hex            84%        N/A       1%          2

Your spell library contained the following spells:

 Spells                   Type           Power      Damage    Failure   Level
 Summon Guardian Golem    Hex/Summ       24%        N/A       5%          3
 Apportation              Tloc           10%        N/A       10%         1
 Necrotise                Necr           20%        1d5       10%         1
 Summon Small Mammal      Summ           20%        N/A       10%         1
 Cigotuvi's Dreadful Rot  Necr/Pois/Air  10%        N/A       14%         2
 Sublimation of Blood     Necr           5%         N/A       14%         2
 Wereblood                Tmut           5%         N/A       14%         2
 Passage of Golubria      Tloc           5%         N/A       67%         4
 Alistair's Intoxication  Tmut/Pois      3%         N/A       95%         5
 Orb of Destruction       Conj           2%         9d5       100%        7
 Spellforged Servitor     Conj/Summ      2%         N/A       100%        7
 Summon Hydra             Summ           2%         N/A       100%        7


Dungeon Overview and Level Annotations

Branches:
Dungeon (9/15)             Temple (1/1) D:4         Ossuary (visited)
   Lair: D:8-11         Orc: D:9-12

Altars:
Ashenzari
Dithmenos
Fedhas
Gozag
Kikubaaqudgha
Nemelex Xobeh
Okawaru
Qazlal
Ru
Sif Muna
Trog
Uskayaw
Vehumet
Wu Jian
Yredelemnul

Shops:
D:1 !   D:3 *   D:8 ?(

Annotations:
D:7 2 transporters, Vorhees's ghost, novice DECj
D:8 1 runed translucent door


Innate Abilities, Weirdness & Mutations

Your natural rate of healing is accelerated.
You have razor-sharp teeth.
You have supernaturally acute eyesight. (SInv)
You are afflicted with vampirism and can become a bat while bloodless.


Message History

Press: ? - help, Shift-Dir - straight line, f/p - two-headed ogre
Aim: a two-headed ogre, wielding a +0 giant club and a +0 dire flail (chance to affect: 41%)
The two-headed ogre resists with some effort.
The two-headed ogre completely misses you.
The two-headed ogre hits you with a +0 dire flail.
Casting: Ensorcelled Hibernation (safe; 1% risk of failure)
Confirm with . or Enter, or press ? or * to list all spells.
Aiming: Ensorcelled Hibernation (safe; 1% risk of failure)
Press: ? - help, Shift-Dir - straight line, f/p - two-headed ogre
Aim: a two-headed ogre, wielding a +0 giant club and a +0 dire flail (chance to affect: 41%)
The two-headed ogre resists with some effort.
The two-headed ogre barely misses you.
The two-headed ogre hits you with a +0 dire flail.
Casting: Ensorcelled Hibernation (safe; 1% risk of failure)
Confirm with . or Enter, or press ? or * to list all spells.
Aiming: Ensorcelled Hibernation (safe; 1% risk of failure)
Press: ? - help, Shift-Dir - straight line, f/p - two-headed ogre
Aim: a two-headed ogre, wielding a +0 giant club and a +0 dire flail (chance to affect: 41%)
The two-headed ogre resists with some effort.
Unknown command.
Casting: Ensorcelled Hibernation (safe; 1% risk of failure)
Confirm with . or Enter, or press ? or * to list all spells.
Aiming: Ensorcelled Hibernation (safe; 1% risk of failure)
Press: ? - help, Shift-Dir - straight line, f/p - two-headed ogre
Aim: a two-headed ogre, wielding a +0 giant club and a +0 dire flail (chance to affect: 41%)
The two-headed ogre resists with some effort.
The two-headed ogre hits you with a +0 giant club!!
* * * LOW HITPOINT WARNING * * *
The two-headed ogre hits you with a +0 dire flail.
* * * LOW HITPOINT WARNING * * *
Casting: Ensorcelled Hibernation (safe; 1% risk of failure)
Confirm with . or Enter, or press ? or * to list all spells.
Aiming: Ensorcelled Hibernation (safe; 1% risk of failure)
Press: ? - help, Shift-Dir - straight line, f/p - two-headed ogre
Aim: a two-headed ogre, wielding a +0 giant club and a +0 dire flail (chance to affect: 41%)
The two-headed ogre resists with some effort.
The two-headed ogre hits you with a +0 giant club!
* * * LOW HITPOINT WARNING * * *
The two-headed ogre hits you with a +0 dire flail!
You die...

#..#.....####
##.....##....#
#......#####.....
#..###.# ####
#....#.####
##........#########
#...###......>...#
###. #.>........# #
#...@O.....#
############


You could see a two-headed ogre.

Vanquished Creatures
  A two-headed ogre (D:8)
  A troll (D:6)
  A wyvern (D:7)
  2 yaks (D:8)
  4 steam dragons
  3 water moccasins (D:8)
  An orc warrior (D:7)
  2 ice beasts
  An ogre (D:6)
  2 centaurs
  A kobold brigand (D:8)
  2 bullfrogs
  2 gnoll sergeants
  2 scorpions (D:5)
  4 water moccasin zombies (Ossuary)
  A wight (D:7)
  2 killer bees
  2 howler monkeys
  3 quasits (D:6)
  A gnoll bouda (D:8)
  A human zombie (D:8)
  5 orc priests
  4 hounds
  2 sleepcaps (D:8)
  An iguana (D:6)
  13 orc wizards
  2 mummies (Ossuary)
  15 gnolls
  7 adders
  5 shadow imps
  2 white imps
  An ufetubus (D:6)
  3 adder zombies (Ossuary)
  7 dart slugs
  40 orcs
  5 ball pythons
  2 bats (D:2)
  9 endoplasms
  3 giant cockroaches
  2 gnoll zombies (Ossuary)
  3 hobgoblins
  3 jackals (D:1)
  8 kobolds
  4 quokkas
  5 frilled lizards (D:1)
  2 goblins
  5 hobgoblin zombies (Ossuary)
  A kobold skeleton (D:8)
  9 kobold zombies (Ossuary)
  4 orc zombies (Ossuary)
  5 rats
216 creatures vanquished.

Vanquished Creatures (collateral kills)
  2 wights (D:7)
2 creatures vanquished.

Vanquished Creatures (others)
  A dancing weapon (D:6)
  A steam dragon (D:8)
2 creatures vanquished.

Grand Total: 220 creatures vanquished

Notes
Turn   | Place    | Note
-------+----------+-------------------------------------------
     0 | D:1      | tilp the Vampire Enchanter began the quest for the Orb.
     0 | D:1      | Reached XP level 1. HP: 13/13 MP: 3/3
   283 | D:1      | Reached XP level 2. HP: 7/20 MP: 5/5
   286 | D:1      | Learned a level 2 spell: Ensorcelled Hibernation
   367 | D:1      | Found Tecaudax's Distillery.
   382 | D:1      | Bought a potion of curing for 30 gold pieces
   494 | D:1      | Reached skill level 1 in Fighting
   494 | D:1      | Gained mutation: You are afflicted with vampirism and can
                  | become a bat while bloodless. [Vampire growth]
   494 | D:1      | Reached XP level 3. HP: 26/26 MP: 3/6
   498 | D:1      | Learned a level 3 spell: Confusing Touch
  1263 | D:1      | Bought a potion of heal wounds for 50 gold pieces
  1466 | D:2      | Identified the amulet of Dishonesty {Faith Harm +Blink rC-}
  1739 | D:2      | Reached XP level 4. HP: 31/32 MP: 7/7
  2079 | D:3      | Identified the "Wekk"
  2079 | D:3      | Found a blossoming altar of Fedhas.
  2639 | D:3      | Reached skill level 1 in Ice Magic
  2643 | D:3      | Reached skill level 5 in Stealth
  3289 | D:3      | Reached skill level 5 in Hexes
  3364 | D:3      | Found Utreal's General Store.
  3431 | D:3      | Reached XP level 5. HP: 28/38 MP: 5/8
  3798 | D:4      | Found a staircase to the Ecumenical Temple.
  3831 | Temple   | Entered the Ecumenical Temple
  3859 | Temple   | Became a worshipper of the Wu Jian Council
  3963 | D:4      | Learned a level 3 spell: Tukima's Dance
  4642 | D:3      | Bought a scroll of identify for 20 gold pieces
  4724 | D:1      | Bought a potion of lignification for 30 gold pieces
  4836 | D:5      | Entered Level 5 of the Dungeon
  4850 | D:5      | Reached XP level 6. HP: 44/44 MP: 8/10
  5063 | D:5      | Found a shimmering blue altar of Sif Muna.
  5177 | D:5      | Reached skill level 1 in Evocations
  5529 | D:5      | Found a broken altar of Ashenzari.
  5616 | D:5      | Reached XP level 7. HP: 51/51 MP: 11/11
  5679 | D:6      | Found a sand-covered staircase.
  5686 | Ossuary  | Entered an ossuary
  5784 | Ossuary  | Reached * piety under Wu Jian
  6282 | D:6      | Noticed a steam dragon
  6329 | D:6      | Killed a steam dragon
  6352 | D:6      | Reached XP level 8. HP: 59/59 MP: 10/13
  6519 | D:6      | Learned a level 3 spell: Dazzling Flash
  6522 | D:6      | Learned a level 2 spell: Jinxbite
  6631 | D:6      | Reached ** piety under Wu Jian
  6640 | D:6      | Reached skill level 5 in Short Blades
  6694 | D:6      | Found the +5 scythe "Finisher" {speed, execute}
  7090 | D:6      | Noticed a troll
  7096 | D:6      | Killed a troll
  7716 | D:1      | Bought a potion of haste for 100 gold pieces
  7716 | D:1      | Bought a potion of enlightenment for 50 gold pieces
  7927 | D:7      | Noticed Vorhees's ghost (novice DECj)
  7929 | D:7      | Found a bloodstained altar of Trog.
  7929 | D:7      | Noticed a moth of wrath
  7951 | D:7      | Reached skill level 5 in Fighting
  7963 | D:7      | Reached XP level 9. HP: 46/68 MP: 10/15
  8004 | D:7      | Noticed a two-headed ogre
  8366 | D:7      | Found a transporter.
  8368 | D:7      | Found a transporter.
  8846 | D:8      | Found a runed translucent door.
  8846 | D:8      | Found a basalt altar of Yredelemnul.
  8855 | D:8      | Reached *** piety under Wu Jian
  9138 | D:8      | Noticed a two-headed ogre
  9144 | D:8      | Reached skill level 5 in Spellcasting
  9161 | D:8      | Killed a two-headed ogre
  9334 | D:8      | Found the +11 plutonium sword {Contam Stlth-}
  9345 | D:8      | Found a sacrificial altar of Ru.
  9397 | D:8      | Found Ahufear's Magic Scroll Boutique.
  9405 | D:8      | Bought a scroll of blinking for 82 gold pieces
  9422 | D:8      | Found Fink's Weapon Emporium.
  9426 | D:8      | Reached XP level 10. HP: 76/76 MP: 17/17
  9614 | D:8      | Reached skill level 10 in Stealth
  9895 | D:8      | Bought a scroll of identify for 22 gold pieces
  9895 | D:8      | Bought a scroll of identify for 22 gold pieces
  9952 | D:8      | Reached skill level 10 in Short Blades
 10034 | D:9      | Noticed a two-headed ogre
 10042 | D:9      | HP: 2/76 [wyvern (17)]
 10192 | D:9      | Slain by a two-headed ogre

Illustrated notes

Levels and vault maps discovered:
D:1:      scummos_arrival_hexagon, layout_basic, serial_shops,
          nicolae_shop_industrial_runoff
D:2:      layout_basic, chequers_serial_rivers_micro_a, nrook_mini_vaults,
          chequers_serial_rivers_room_b, hangedman_decor_clover_reticule,
          minmay_crystal_water, amethyst_killhole
D:3:      layout_basic, lemuel_crystal_altar, serial_shops,
          nicolae_shop_hallway_plus, serial_corexii_hall,
          corexii_hall_statues_t, corexii_hall_statues_l, fountainhead
D:4:      layout_basic, minmay_temple_entry_glassed_door, chequers_arboretum
D:5:      layout_cave_pools, mainiacjoe_overflow_six_doors_small, led_sif_pool
D:6:      minmay_cornered_nines, layout_layer_cave, serial_demonic,
          serial_demonic_d, serial_demonic_f, serial_demonic_f,
          serial_demonic_b, serial_demonic_b, serial_demonic_g,
          serial_demonic_b, serial_demonic_d, serial_demonic_c,
          serial_demonic_c, lightli_ossuary_entry_decrepit_ruins
D:7:      layout_cave_pods, gammafunk_ghost_wrathful_warriors
D:8:      layout_loops_cross, nicolae_ru_awakened_eye, dk_yredelemnul_ordeal,
          serial_shops, shop, shop_fountains, minmay_joined_circles
D:9:      kennysheep_ambush_hall, layout_rooms,
          nicolae_hepliaklqana_hazy_memory, hangedman_abyss_or_decor_slice,
          minivault_16, minmay_evil_grid
Temple:   oiseaux_autumnal_temple

Skill      XL: |  1  2  3  4  5  6  7  8  9 10 |
---------------+-------------------------------+-----
Fighting       | 1 2 3 5 6 |  6.0
Short Blades   | 2 3 4 6 8 10 | 10.0
Ice Magic      | 1 2 |  2.0
Stealth        | 5 6 7 9 10 | 10.0
Hexes          | 5 6 7 8 |  8.0
Dodging        | 3 4 |  4.0
Evocations     | 1 2 |  2.0
Spellcasting   | 3 4 5 |  5.0

Action                     |  1- 3 |  4- 6 |  7- 9 | 10-12 || total
---------------------------+-------+-------+-------+-------++-------
  Melee: Dagger            |   118 |   142 |   361 |    47 ||   668
         Bite              |    11 |    14 |    41 |     4 ||    70
         Punch             |       |       |     6 |       ||     6
   Cast: Ensorcelled Hiber |     4 |    42 |    50 |    28 ||   124
         Confusing Touch   |       |     2 |    17 |       ||    19
         Tukima's Dance    |       |     1 |     4 |       ||     5
         Dazzling Flash    |       |       |     7 |       ||     7
         Jinxbite          |       |       |     1 |       ||     1
Ability: Lunge             |       |     5 |    24 |       ||    29
         Whirlwind         |       |       |     9 |     1 ||    10
  Evoke: Wand              |       |       |       |     1 ||     1
    Use: Scroll            |     4 |     4 |     9 |     3 ||    20
         Potion            |       |     1 |       |       ||     1
   Stab: Sleeping          |    13 |    32 |    44 |     9 ||    98
         Confused          |       |     1 |     8 |       ||     9
         Invisible         |       |       |     6 |       ||     6
 Armour: Robe              |    43 |    78 |    46 |       ||   167
         Steam dragon scal |       |       |   126 |    41 ||   167
  Dodge: Dodged            |    69 |    96 |   195 |    32 ||   392

Table legend: (Time is in decaauts)
 A = Elapsed time spent in this place.
 B = Non-inter-level travel time spent in this place.
 C = Inter-level travel time spent in this place.
 D = Time resting spent in this place.
 E = Time spent auto-exploring this place.
 F = Levels seen in this place.
 G = Mean time per level.
                   A        B        C        D        E       F      G
               +--------+--------+--------+--------+--------+-----+--------+
         Total |  10075 |   9054 |   1021 |   1055 |   6131 |  11 |  915.9 |
       Dungeon |   9546 |   8580 |    966 |    788 |   6065 |   9 | 1060.7 |
        Temple |     56 |      1 |     55 |      0 |      0 |   1 |   56.0 |
       Ossuary |    471 |    471 |      0 |    267 |     66 |   1 |  471.0 |
               +--------+--------+--------+--------+--------+-----+--------+

Top non-repeatable levels by time:
     D:3: 1568 daAuts
     D:6: 1417 daAuts
     D:2: 1356 daAuts
     D:1: 1145 daAuts
     D:8: 1112 daAuts
     D:7: 1063 daAuts
     D:5: 909 daAuts
     D:4: 903 daAuts
 Ossuary: 471 daAuts
     D:9: 69 daAuts
  Temple: 56 daAuts
